 Dungeon Crawl Stone Soup version 0.32-a0-898-g7811c86cf0 (webtiles) character file.

Game seed: 14021552798661612837

2657 DEFE the Cleaver (level 9, -2/62 (63) HPs)
             Began as a Coglin Fighter on Apr 4, 2024.
             Slain by a sky beast (5 damage)
             ... on level 7 of the Dungeon.
             The game lasted 00:05:17 (5618 turns).

DEFE the Cleaver (Coglin Fighter)                   Turns: 5618, Time: 00:05:17

HP:   -2/62 (63)    AC: 12    Str: 22    XL:     9   Next: 62%
MP:   9/9           EV:  7    Int:  7    God:
Gold: 153           SH:  0    Dex: 13    Spells: 8/8 levels left

rFire   . . .        d - +0 broad axe {Teicuih}
rCold   . . .        m - +1 dagger (elec) {Fuyuko}
rNeg    . . .        n - +0 chain mail
rPois   .            k - +0 helmet
rElec   .            (no cloak)
rCorr   .            w - +1 pair of gloves
SInv    .            (no boots)
Will    .....        (amulet unavailable) Stlth
                     (ring unavailable)
HPRegen 0.30/turn    (ring unavailable)
MPRegen 0.11/turn    (no gizmo)

%: no passive effects
@: mighty, lightly drained, revved
A: off-hand wielding, slow wielding, warmup strikes, no jewellery
a: Invent Gizmo


You were on level 7 of the Dungeon.
You visited 1 branch of the dungeon, and saw 7 of its levels.

You collected 387 gold pieces.
You spent 234 gold pieces at shops.

Inventory:

Hand Weapons
 a - a +0 war axe {Hayata}
 d - a +0 broad axe (weapon) {Teicuih}
 m - a +1 dagger of electrocution (offhand) {Fuyuko}
 x - a +0 rapier of venom
Missiles
 l - a throwing net (quivered)
Armour
 b - a +0 scale mail
 c - a +0 buckler
 k - a +0 helmet (worn)
 n - a +0 chain mail (worn)
 s - +0 acid dragon scales
 w - a +1 pair of gloves (worn)
Wands
 u - a wand of flame (17)
 z - a wand of roots (2)
 B - a wand of polymorph (9)
Scrolls
 e - a scroll of revelation
 i - a scroll of enchant weapon
 j - 3 scrolls of teleportation
 p - a scroll of immolation
 r - a scroll of vulnerability
 v - 2 scrolls of noise
 y - 3 scrolls of amnesia
Potions
 f - 2 potions of invisibility {unknown}
 h - a potion of curing
 o - a potion of cancellation {unknown}
 q - 4 potions of resistance {unknown}
 t - a potion of enlightenment {unknown}


   Skills:
 - Level 3.0 Fighting
 + Level 11.9 Axes
 - Level 2.6 Armour
 - Level 2.1 Shields
 + Level 6.3 Evocations


You had 8 spell levels left.
You didn't know any spells.
Your spell library contained the following spells:

 Spells                   Type           Power      Damage    Failure   Level
 Call Canine Familiar     Summ           0%         N/A       100%        3
 Sigil of Binding         Hex            0%         N/A       100%        3
 Dimensional Bullseye     Hex/Tloc       0%         N/A       100%        4


Dungeon Overview and Level Annotations

Branches:
Dungeon (7/15)
 Temple: D:4-7

Altars:
Okawaru

Shops:
D:6 *


Innate Abilities, Weirdness & Mutations

You can wield a second weapon in your off-hand.
It takes a long time for you to wield or remove held weapons.
Your first few attacks do less damage.
You cannot equip rings or amulets.


Message History

* * * LOW HITPOINT WARNING * * *
The sky beast shocks you.
* * * LOW HITPOINT WARNING * * *
The scorpion stings you but does no damage.
You closely miss the scorpion with your +1 dagger of electrocution.
The scorpion is heavily wounded.
You hit the scorpion with your +0 broad axe.
You barely miss the wight with your +0 broad axe.
You hit the sky beast but do no damage. The scorpion closely misses you.
The sky beast completely misses you. The wight closely misses you.
Unknown command.
Unknown command.
You slice the scorpion with your +0 broad axe!!
You kill the scorpion!
You barely miss the wight with your +0 broad axe.
You barely miss the sky beast with your +0 broad axe.
The wight hits you with a +0 falchion.
* * * LOW HITPOINT WARNING * * *
You feel drained.
* * * LOW HITPOINT WARNING * * *
The sky beast hits you but does no damage.
Your life force feels restored.
Unknown command.
You closely miss the wight with your +1 dagger of electrocution.
You closely miss the wight with your +0 broad axe.
You hit the sky beast with your +0 broad axe.
The wight hits you with a +0 falchion.
* * * LOW HITPOINT WARNING * * *
You feel drained.
* * * LOW HITPOINT WARNING * * *
The sky beast hits you but does no damage.
Unknown command.
You hit the wight with your +1 dagger of electrocution.
Lightning courses through the wight!
You destroy the wight!
You slash the sky beast with your +0 broad axe!
The sky beast hits you.
* * * LOW HITPOINT WARNING * * *
The sky beast shocks you.
You die...

.. #...............#.........
...#.#...................#...
⌠...#.....##.!...#...###....
#.......#..# #...###....
#.)†.......# #...##....#
##.##...[..## #....##....
#.#..##.......# #..##....#.
#.......†Y...###........#.
#...##....)@......[.......#.
#..# ##.....................
...# #................#####
.... #...............## # #.
.....####......###..# # .
.....# #...##### .######
#.##.## #...# .#..... . ..
....## >..... ... ......
......


You could see a sky beast.

Vanquished Creatures
  Maggie (D:6)
  Grinder (D:4)
  Sigmund (D:4)
  Menkaure (D:7)
  2 water moccasins (D:7)
  2 sky beasts
  An orc warrior (D:6)
  2 centaurs
  A phantom (D:4)
  2 bullfrogs (D:6)
  3 scorpions
  A wight (D:7)
  A killer bee (D:7)
  A jelly (D:7)
  3 orc priests
  2 gnoll boudas
  2 hounds (D:6)
  2 sleepcaps (D:6)
  6 orc wizards
  Robin (D:2)
  16 gnolls
  7 adders
  3 river rats (D:6)
  2 shadow imps
  6 dart slugs
  2 ribbon worms (D:3)
  23 orcs
  7 ball pythons
  7 endoplasms
  2 giant cockroaches
  6 goblins
  11 hobgoblins
  4 jackals (D:3)
  3 quokkas
  5 bats
  4 frilled lizards
  7 kobolds
  6 rats
157 creatures vanquished.

Vanquished Creatures (collateral kills)
  A dart slug (D:4)
1 creature vanquished.

Grand Total: 158 creatures vanquished

Notes
Turn   | Place    | Note
-------+----------+-------------------------------------------
     0 | D:1      | DEFE the Coglin Fighter began the quest for the Orb.
     0 | D:1      | Reached XP level 1. HP: 18/18 MP: 1/1
   126 | D:1      | Reached XP level 2. HP: 22/24 MP: 2/2
   183 | D:1      | Reached skill level 3 in Axes
   494 | D:1      | Reached XP level 3. HP: 29/29 MP: 3/3
  1021 | D:2      | Noticed Robin
  1025 | D:2      | Reached skill level 4 in Axes
  1040 | D:2      | Killed Robin
  1041 | D:2      | Reached XP level 4. HP: 16/35 MP: 4/4
  1691 | D:3      | Reached skill level 5 in Axes
  1704 | D:3      | Reached XP level 5. HP: 26/41 MP: 5/5
  2026 | D:3      | Found an iron altar of Okawaru.
  2500 | D:4      | Noticed a phantom
  2505 | D:4      | Killed a phantom
  2506 | D:4      | Reached skill level 6 in Axes
  2506 | D:4      | Reached XP level 6. HP: 47/47 MP: 6/6
  2775 | D:4      | Reached skill level 7 in Axes
  2859 | D:4      | Noticed Grinder
  2875 | D:4      | Reached XP level 7. HP: 38/52 MP: 7/7
  2876 | D:4      | Killed Grinder
  2877 | D:4      | Reached skill level 8 in Axes
  2982 | D:4      | Noticed Sigmund
  2998 | D:4      | Killed Sigmund
  3000 | D:4      | Reached skill level 9 in Axes
  3022 | D:4      | Reached XP level 8. HP: 38/58 MP: 8/8
  3443 | D:5      | Entered Level 5 of the Dungeon
  3748 | D:5      | You fall into a shaft and drop 1 floor!
  4061 | D:6      | Reached skill level 10 in Axes
  4111 | D:6      | Found Ivvov's General Store.
  4121 | D:6      | Bought a wand of roots (4) for 144 gold pieces
  4121 | D:6      | Bought a scroll of identify for 30 gold pieces
  4121 | D:6      | Bought a scroll of amnesia for 60 gold pieces
  4339 | D:6      | HP: 2/58 [sleepcap (15)]
  4556 | D:6      | Reached skill level 11 in Axes
  4556 | D:6      | Reached skill level 1 in Evocations
  4748 | D:6      | Noticed Maggie
  4756 | D:6      | Killed Maggie
  4757 | D:6      | Reached XP level 9. HP: 27/63 MP: 9/9
  5243 | D:7      | Noticed Menkaure
  5246 | D:7      | Killed Menkaure
  5289 | D:7      | Reached skill level 5 in Evocations
  5618 | D:7      | HP: 3/62 [sky beast (1)]
  5618 | D:7      | Slain by a sky beast

Illustrated notes

Levels and vault maps discovered:
D:1:      tarquinn_simple_flora_water_d, layout_loops_cross
D:2:      layout_loops_ring, uniq_robin
D:3:      layout_loops_cross, mainiacjoe_overflow_brackets
D:4:      layout_basic, uniq_sigmund, uniq_grinder
D:5:      layout_layer_cave, serial_shops, shop, nicolae_shop_tiny_waterfront,
          shop, shop, nicolae_shop_hallway_stairs
D:6:      layout_loops_corners, portal_sewer_entry_e, serial_shops,
          nicolae_stop_n_shop_1, uniq_maggie
D:7:      layout_cave_pools, minmay_temple_entry_large_hall, serial_shops, shop,
          minmay_ruined_shrine, uniq_menkaure

Skill      XL: |  1  2  3  4  5  6  7  8  9 |
---------------+----------------------------+-----
Axes           | 3 4 5 6 7 9 11 | 11.9
Evocations     | 3 6 |  6.3
Fighting       | |  3.0
Armour         | |  2.6
Shields        | |  2.1

Action                     |  1- 3 |  4- 6 |  7- 9 || total
---------------------------+-------+-------+-------++-------
  Melee: War axe           |   109 |   125 |    56 ||   290
         Dagger            |       |    78 |   168 ||   246
         Broad axe         |       |       |   117 ||   117
  Evoke: Wand              |       |       |     2 ||     2
    Use: Scroll            |       |     6 |     8 ||    14
         Potion            |       |       |     6 ||     6
   Stab: Distracted        |       |     1 |       ||     1
 Armour: Scale mail        |    89 |    33 |       ||   122
         Chain mail        |       |    86 |   205 ||   291
  Dodge: Dodged            |    53 |    59 |    68 ||   180
  Block: Buckler           |    29 |    11 |       ||    40

Table legend: (Time is in decaauts)
 A = Elapsed time spent in this place.
 B = Non-inter-level travel time spent in this place.
 C = Inter-level travel time spent in this place.
 D = Time resting spent in this place.
 E = Time spent auto-exploring this place.
 F = Levels seen in this place.
 G = Mean time per level.
                   A        B        C        D        E       F      G
               +--------+--------+--------+--------+--------+-----+--------+
         Total |   5690 |   5510 |    180 |    999 |   3393 |   7 |  812.9 |
       Dungeon |   5690 |   5510 |    180 |    999 |   3393 |   7 |  812.9 |
               +--------+--------+--------+--------+--------+-----+--------+

Top non-repeatable levels by time:
     D:6: 1467 daAuts
     D:2: 972 daAuts
     D:4: 959 daAuts
     D:3: 951 daAuts
     D:1: 626 daAuts
     D:7: 408 daAuts
     D:5: 305 daAuts
